 Dungeon Crawl Stone Soup version 0.27.1-35-g4d5d836560 (webtiles) character file.

Game seed: 1845257704755120188

365 CrazyMind the Sneak (level 6, -2/37 HPs)
             Began as an Octopode Earth Elementalist on July 9, 2022.
             Slain by an orc wizard (3 damage)
             ... on level 4 of the Dungeon.
             The game lasted 00:09:07 (3217 turns).

CrazyMind the Sneak (Octopode Earth Elementalist)   Turns: 3217, Time: 00:09:08

Health: -2/37      AC:  1    Str:  6 (9)  XL:     6   Next: 68%
Magic:  4/10       EV: 13    Int: 16 (19) God:
Gold:   174        SH:  4    Dex: 11 (13) Spells: 5/11 levels left

rFire    + . .     SeeInvis .   g - +2 dagger (elec)
rCold    . . .     Faith    .   (no shield)
rNeg     + . .     Spirit   .   (helmet restricted)
rPois    +         Reflect  .   m - amulet of the acrobat
rElec    .         Harm     .   j - ring of positive energy
rCorr    .         Rampage  .   s - ring of protection from fire
Will     .....                  (no ring)
Stlth    ++++......             (no ring)
HPRegen  0.12/turn              (no ring)
MPRegen  0.12/turn              (no ring)
                                (no ring)
                                (no ring)

@: mighty, attractive, flying
A: almost no armour, amphibious, 8 rings, camouflage 1, gelatinous body 1,
(nimble swimmer 1), tentacles, large bone plates 1, poison resistance, strong 1
a: no special abilities


You were on level 4 of the Dungeon.
You visited 1 branch of the dungeon, and saw 4 of its levels.

You collected 174 gold pieces.

Inventory:

Hand Weapons
 g - a +2 dagger of electrocution (weapon)
Missiles
 b - 46 stones
Jewellery
 j - a ring of positive energy (left tentacle)
 m - an amulet of the acrobat (around mantle)
 s - a ring of protection from fire (right tentacle)
Wands
 o - a wand of polymorph (10)
Scrolls
 e - 2 scrolls of identify {unknown}
 f - a scroll of immolation {unknown}
 h - a scroll of amnesia {unknown}
 i - 2 scrolls of teleportation {unknown}
 k - 2 scrolls of summoning {unknown}
 l - 2 scrolls of noise {unknown}
 p - a scroll of vulnerability {unknown}
Potions
 c - 2 potions of degeneration
 t - a potion of resistance {unknown}


   Skills:
 + Level 0.9 Fighting
 + Level 2.5 Dodging
 + Level 5.5 Stealth
 * Level 3.2 Spellcasting
 * Level 1.8 Conjurations
 - Level 1.0 Transmutations
 * Level 4.8 Earth Magic


You had 5 spell levels left.
You knew the following spells:

 Your Spells              Type           Power      Damage    Failure   Level
a - Sandblast             Erth           36%        2d10      2%          1
b - Passwall              Tmut/Erth      9%         N/A       9%          2
c - Stone Arrow           Conj/Erth      26%        3d8       14%         3

Your spell library contained the following spells:

 Spells                   Type           Power      Damage    Failure   Level
 Corona                   Hex            2%         N/A       19%         1
 Ensorcelled Hibernation  Hex/Ice        4%         N/A       28%         2
 Slow                     Hex            2%         N/A       28%         2
 Confusing Touch          Hex            2%         N/A       50%         3
 Tukima's Dance           Hex            2%         N/A       50%         3
 Vampiric Draining        Necr           1%         2d6       50%         3
 Petrify                  Tmut/Erth      11%        N/A       50%         4


Dungeon Overview and Level Annotations

Branches:
Dungeon (4/15)
 Temple: D:4-7

Altars:
Kikubaaqudgha

Annotations:
D:4 Edmund


Innate Abilities, Weirdness & Mutations

You cannot wear most types of armour.
You are amphibious.
You can wear up to eight rings at the same time.
Your skin changes colour to match your surroundings (Stealth+).
Your rubbery body absorbs attacks. (AC +1, EV +1)
((You are camouflaged near water. (Stealth+)))
You have tentacles for arms and can constrict up to eight enemies at once.
You are partially covered in large bone plates. (SH +4)
Your system is resistant to poisons. (rPois)
Your muscles are strong. (Str +2)


Message History

Press: ? - help, Shift-Dir - straight line You hear some strange, mumbled words.
A puff of flame appears from out of thin air!
The puff of flame hits you. You resist.
* * * LOW HITPOINT WARNING * * *
It was a potion of degeneration.
There was something very wrong with that liquid.
You feel weakened.
You feel dopey.
You feel clumsy.
You hear some strange, mumbled words.
Something tries to affect you, but you resist.
It was a potion of curing.
You feel better.
You hear some strange, mumbled words.
A puff of flame appears from out of thin air!
The puff of flame hits you! You resist.
* * * LOW HITPOINT WARNING * * *
Unknown command.
Unknown command.
Unknown command.
Casting: Sandblast (safe; 2% risk of failure)
Confirm with . or Enter, or press ? or * to list all spells.
Aiming: Sandblast (safe; 2% risk of failure)
Press: ? - help, Shift-Dir - straight line Something barely misses you.
It was a potion of attraction.
You feel attractive to monsters. Something barely misses you.
It was a potion of mutation.
You feel extremely strange.
You feel resistant to poisons.
You feel stronger.
Large bone plates grow over parts of your tentacles.
Something hits you.
* * * LOW HITPOINT WARNING * * *
It was a potion of flight.
You feel very buoyant.
You fly up into the air.
Something hits you.
* * * LOW HITPOINT WARNING * * *
It was a potion of might.
You feel very mighty all of a sudden. You block something's attack.
You closely miss something. Something hits you.
You die...

########
#......#
#...{@)#
#....>.+
#).....#
#......######+##
#...............
#...............
#...............
#...............
#...............
#


There were no monsters in sight!

Vanquished Creatures
  3 vampire bats (D:3)
  A bullfrog zombie (D:3)
  A centaur skeleton (D:4)
  2 orc wizards (D:4)
  2 adders
  4 gnolls (D:4)
  3 worms
  4 orcs (D:3)
  4 bats
  3 bat skeletons (D:3)
  3 bat zombies (D:3)
  3 endoplasms
  2 giant cockroaches
  4 goblins
  9 hobgoblins
  3 jackals (D:4)
  4 kobolds
  2 quokkas
  5 ball pythons
  3 frilled lizards
  A quokka skeleton (D:4)
  8 rats
74 creatures vanquished.

Notes
Turn   | Place    | Note
-------+----------+-------------------------------------------
     0 | D:1      | CrazyMind the Octopode Earth Elementalist began the quest
                  | for the Orb.
     0 | D:1      | Reached XP level 1. HP: 11/11 MP: 3/3
   133 | D:1      | Reached XP level 2. HP: 12/17 MP: 5/5
   136 | D:1      | Learned a level 2 spell: Passwall
   867 | D:2      | Reached skill level 3 in Stealth
  1065 | D:2      | Reached XP level 3. HP: 21/21 MP: 6/6
  1069 | D:2      | Learned a level 3 spell: Stone Arrow
  1198 | D:2      | Found a faded altar of an unknown god.
  1830 | D:3      | Found an ancient bone altar of Kikubaaqudgha.
  1835 | D:3      | Reached XP level 4. HP: 25/27 MP: 5/7
  1852 | D:3      | Reached skill level 4 in Stealth
  1852 | D:3      | Reached skill level 1 in Conjurations
  1852 | D:3      | Reached XP level 5. HP: 28/31 MP: 3/9
  2246 | D:3      | Reached XP level 6. HP: 34/37 MP: 10/10
  2695 | D:4      | Reached skill level 5 in Stealth
  3060 | D:4      | Noticed Edmund
  3214 | D:4      | Gained mutation: Your system is resistant to poisons.
                  | (rPois) [potion of mutation]
  3214 | D:4      | Gained mutation: Your muscles are strong. (Str +2) [potion
                  | of mutation]
  3214 | D:4      | Gained mutation: You are partially covered in large bone
                  | plates. (SH +4) [potion of mutation]
  3215 | D:4      | HP: 1/37 [something (3)]
  3217 | D:4      | Slain by an orc wizard

Illustrated notes

Levels and vault maps discovered:
D:1:      tarquinn_simple_flora_water_a, layout_loops_ring, st_stairs_10,
          minmay_unequal
D:2:      layout_basic, shapermc_ecumenical_altar_notcrosses
D:3:      layout_basic, kennysheep_vampire_church,
          hangedman_abyss_or_decor_stabs
D:4:      layout_gridville, skrybe_limestone_x, minivault_19, uniq_edmund,
          uniq_robin

Skill      XL: |  1  2  3  4  5  6 |
---------------+-------------------+-----
Stealth        | 3 4 5 |  5.5
Earth Magic    | 4 |  4.8
Conjurations   | 1 |  1.8
Spellcasting   | 3 |  3.2
Fighting       | |  0.9
Dodging        | |  2.5
Transmutations | |  1.0

Action                   |  1- 3 |  4- 6 || total
-------------------------+-------+-------++-------
Melee: Unarmed           |     9 |       ||     9
       Constrict         |    14 |    10 ||    24
       Short sword       |     7 |       ||     7
       Tentacles         |     8 |     3 ||    11
       Flail             |     1 |       ||     1
       Dagger            |    45 |    50 ||    95
 Cast: Sandblast         |     6 |    22 ||    28
  Use: Potion            |       |     6 ||     6
 Stab: Sleeping          |    13 |    12 ||    25
Armor: Skin              |    11 |     5 ||    16
Dodge: Dodged            |    41 |    26 ||    67
Block: Other             |       |     1 ||     1
